[Event "Fast Chess"]
[Site "ChessKid.com"]
[Date "2020.04.05"]
[Round "1"]
[White "Hlinka, Patrick"]
[Black "Georgiev, Maximilian"]
[Result "0-1"]
[ECO "C24"]
[WhiteElo "1065"]
[BlackElo "1338"]
[PlyCount "136"]
[EventDate "2020.??.??"]
[TimeControl "180"]
[WhiteClock "0:00:23"]
[BlackClock "0:00:01"]

1. e4 e5 2. Bc4 Nf6 3. d3 Nc6 4. Bg5 h6 5. Bxf6 Qxf6 6. Qf3 Qxf3 7. Nxf3 Be7 8. c3 O-O 9. d4 exd4 10. Nxd4 Nxd4 11. cxd4 Bb4+ 12. Nc3 Bxc3+ 13. bxc3 d6 14. O-O-O Bd7 15. e5 dxe5 16. dxe5 Ba4 17. Bb3 Bxb3 18. axb3 Rae8 19. Rd7 Rxe5 20. Rxc7 Rb8 21. Kd1 Rd5+ 22. Kc1 Rf5 23. Rf1 Rh5 24. h3 Rg5 25. g3 f6 26. h4 Rb5 27. b4 Rb6 28.
g4 Rd6 29. Rd1 Rxd1+ 30. Kxd1 a6 31. c4 b5 32. cxb5 Rxb5 33.
g5 fxg5 34. hxg5 Rxg5 35. Rb7 Rf5 36. Ke1 Rf4 37. Rb6 g5 38.
Rxh6 Rxb4 39. Rxa6 Rb1+ 40. Ke2 Rb5 41. Rg6+ Kf7 42. Rh6 Kg7 43. Rh5 Kg6 44. Rh8 Re5+ 45. Kf1 g4 46. Rg8+ Kh5 47. Rh8+ Kg5 48. Kg2 Kf4 49. Rh4 Rg5 50. Rh2 Kf5 51. Rh4 Kg6 52. f3 gxf3+ 53. Kxf3 Rf5+ 54. Rf4 Ra5 55. Rg4+ Kf7 56. Kf4 Ke7 57. Rg5 Ra4+ 58. Kf5 Ra5+ 59. Kg6 Ra6+ 60. Kf5 Ra4 61. Kg6 Rd4 62. Kf5 Kd7 63. Kg6 Kc8 64. Kf5 Kb7 65. Kg6 Kb6 66. Kf5 Ka6 67. Kg6 Rd6+ 68. Kf5 Rd5+ {[%emt 0:00:01] TallSnazzyBall won on time}
0-1

[Event "Fast Chess"]
[Site "ChessKid.com"]
[Date "2020.04.05"]
[Round "1"]
[White "Sasse, Gabriel"]
[Black "Hlinka, Patricia"]
[Result "1-0"]
[ECO "C41"]
[WhiteElo "1270"]
[BlackElo "1030"]
[PlyCount "45"]
[EventDate "2020.??.??"]
[TimeControl "180"]
[WhiteClock "0:00:34"]
[BlackClock "0:01:29"]

1. e4 e5 2. Nf3 d6 3. Bc4 c6 4. d3 c5 5. Ng5 b6 6. Nxf7 Qc7 7. Nxh8 g5 8.
Bxg8 Be7 9. Bf7+ Kd8 10. O-O g4 11. Bh6 c4 12. dxc4 d5 13.
exd5 Qc6 14. dxc6+ Kc7 15. Nc3 Nxc6 16. Nd5+ Kb8 17. Nxe7 Nxe7 18. Qd6+ Kb7 19. Qxe7+ Kb8 20. Qxe5+ Kb7 21.
Bd5+ Ka6 22. Bxa8 Bb7 23. Qb5# {[%emt 0:00:02] LimeFarActor won by checkmate} 1-0

[Event "Fast Chess"]
[Site "ChessKid.com"]
[Date "2020.04.05"]
[Round "1"]
[White "Li, Patrick"]
[Black "Dai, Lana"]
[Result "1-0"]
[ECO "C55"]
[WhiteElo "941"]
[BlackElo "1209"]
[PlyCount "59"]
[EventDate "2020.??.??"]
[TimeControl "180"]
[WhiteClock "0:00:01"]
[BlackClock "0:00:05"]

1. e4 e5 2. Nf3 Nf6 3. Nc3 Nc6 4. Bc4 Bc5 5. Ng5 d5 6.
exd5 Na5 7. Bb5+ c6 8. dxc6 bxc6 9. Bd3 Ng4 10. O-O Qxg5 11.
Be4 Qh4 12. h3 Bxf2+ 13. Kh1 O-O 14. Qxg4 Qxg4 15. hxg4 Bd4 16. Bf5 Bxf5 17. gxf5 f6 18. Ne2 Rae8 19. Nxd4 exd4 20. d3 Re2 21. Bf4 Rxc2 22. b3 Rc3 23. Bd2 Rxd3 24. Bxa5 Rf7 25. Rac1 c5 26. Rxc5 Rg3 27. Kh2 Re3 28. Rf4 Re2 29. Rh4 Rxa2 30. Rf4 {[%emt 0:00:03] WideClassyQuiz
won on time} 1-0

[Event "Fast Chess"]
[Site "ChessKid.com"]
[Date "2020.04.05"]
[Round "2"]
[White "Georgiev, Maximilian"]
[Black "Li, Patrick"]
[Result "1-0"]
[ECO "C58"]
[WhiteElo "1340"]
[BlackElo "938"]
[PlyCount "45"]
[EventDate "2020.??.??"]
[TimeControl "180"]
[WhiteClock "0:00:24"]
[BlackClock "0:01:54"]

1. e4 e5 2. Nf3 Nc6 3. Bc4 Nf6 4. Ng5 d5 5. exd5 Na5 6.
Bd3 Qxd5 7. Nf3 Qd7 8. O-O Bc5 9. Nxe5 Qe7 10. Re1 Qd6 11.
Nf3+ Be6 12. Nc3 Qb6 13. Rf1 O-O 14. Na4 Qd6 15. Nxc5 Qxc5 16. a3 Nc4 17. b4 Qb5 18. Bxc4 Qxc4 19. Ne5 Qd4 20. Nf3 Qxa1 21. d3 Qb1 22. Bg5 Ng4 23. Qxb1 {[%emt 0:00:03] TallSnazzyBall won on time} 1-0

[Event "Fast Chess"]
[Site "ChessKid.com"]
[Date "2020.04.05"]
[Round "2"]
[White "Li, Tobias"]
[Black "Sasse, Gabriel"]
[Result "0-1"]
[ECO "C57"]
[WhiteElo "1208"]
[BlackElo "1277"]
[PlyCount "90"]
[EventDate "2020.??.??"]
[TimeControl "180"]
[WhiteClock "0:01:00"]
[BlackClock "0:00:49"]

1. e4 e5 2. Nf3 Nc6 3. Nc3 Bc5 4. Bc4 Nf6 5. Ng5 O-O 6.
Nxf7 Rxf7 7. Bxf7+ Kxf7 8. O-O d5 9. d3 dxe4 10. dxe4 Qxd1 11.
Rxd1 Bg4 12. Re1 Nd4 13. h3 Nxc2 14. Bd2 Nxa1 15. hxg4 Nc2 16. Rc1 Nd4 17. Be3 Ne2+ 18. Nxe2 Bxe3 19. fxe3 Nxg4 20. Rxc7+ Ke6 21. Rxb7 Rc8 22. Rxg7 Nxe3 23. Rg3 Nc4 24. Rc3 Kd6 25. b3 h5 26. Rxc4 Rxc4 27. bxc4 Kc5 28. Ng3 Kxc4 29. Nxh5 Kd4 30. g4 Kxe4 31. Kg2 Kd3 32. Kg3 e4 33. g5 e3 34. g6 e2 35. Kf2 Kd2 36.
g7 e1=Q+ 37. Kg2 Qe2+ 38. Kh1 Qxh5+ 39. Kg1 Qg6+ 40. Kf1 Qxg7 41. Kf2 Qf7+ 42. Kg1 Ke2 43. Kg2 Qg7+ 44. Kh3 Kf3 45. Kh4 Qg4# {[%emt 0:00:
02] LimeFarActor won by checkmate} 0-1

[Event "Fast Chess"]
[Site "ChessKid.com"]
[Date "2020.04.05"]
[Round "2"]
[White "Dai, Lana"]
[Black "Hlinka, Patrick"]
[Result "1-0"]
[ECO "C23"]
[WhiteElo "1215"]
[BlackElo "1034"]
[PlyCount "25"]
[EventDate "2020.??.??"]
[TimeControl "180"]
[WhiteClock "0:01:59"]
[BlackClock "0:02:12"]

1. e4 e5 2. Nf3 Bc5 3. Bc4 d6 4. h3 g5 5. Nc3 g4 6. hxg4 Bxg4 7. d3 Bxf3 8. Qxf3 Nf6 9. Bg5 Nbd7 10. Nd5 Rg8 11. Nxf6+ Kf8 12. Nxh7+ Ke8 13. Bxd8 {[%emt 0:00:01] TopBrownCave won by resignation} 1-0

[Event "Fast Chess"]
[Site "ChessKid.com"]
[Date "2020.04.05"]
[Round "3"]
[White "Hlinka, Patricia"]
[Black "Dai, Lana"]
[Result "0-1"]
[ECO "D00"]
[WhiteElo "1026"]
[BlackElo "1220"]
[PlyCount "26"]
[EventDate "2020.??.??"]
[TimeControl "180"]
[WhiteClock "0:01:43"]
[BlackClock "0:02:00"]

1. d4 d5 2. e3 Nf6 3. c3 Bf5 4. Na3 e6 5. e4 dxe4 6. c4 Bb4+ 7. Ke2 Nc6 8.
Nb5 Bg4+ 9. Ke3 Bxd1 10. f3 exf3 11. gxf3 e5 12. dxe5 Nxe5 13. f4 Neg4# {[%emt 0:00:15] TopBrownCave won by
checkmate} 0-1

[Event "Fast Chess"]
[Site "ChessKid.com"]
[Date "2020.04.05"]
[Round "3"]
[White "Li, Tobias"]
[Black "Li, Patrick"]
[Result "0-1"]
[ECO "C50"]
[WhiteElo "933"]
[BlackElo "1212"]
[PlyCount "60"]
[EventDate "2020.??.??"]
[TimeControl "180"]
[WhiteClock "0:00:23"]

1. e4 e5 2. Nf3 Nc6 3. Nc3 Bc5 4. Bc4 h6 5. O-O Nf6 6. h3 O-O 7. d3 Re8 8. h4 d6 9. Be3 Bxe3 10. fxe3 Bg4 11. Qc1 Bxf3 12. Rxf3 Ng4 13. Qf1 Rf8 14. Rg3 Qxh4 15. Rh3 Qf6 16. Rg3 Qxf1+ 17. Kxf1 Nf6 18. Re1 Rfe8 19. Nb5 Rac8 20. Na3 Nb4 21. Rh3 a6 22. c3 Nc6 23. Rf3 b5 24. Bb3 Red8 25. Rf5 d5 26. exd5 Nxd5 27. e4 Nf6 28.
Rf2 Rxd3 29. Bc2 Rdd8 30. Rd1 Rxd1+ {[%emt 0:00:03] OnlyHungryKiwi
won on time} 0-1

[Event "Fast Chess"]
[Site "ChessKid.com"]
[Date "2020.04.06"]
[Round "1"]
[White "Hlinka, Patrick"]
[Black "Georgiev, Maximilian"]
[Result "0-1"]
[ECO "C24"]
[WhiteElo "1104"]
[BlackElo "1336"]
[PlyCount "54"]
[EventDate "2020.??.??"]
[TimeControl "900"]
[WhiteClock "0:12:51"]
[BlackClock "0:12:13"]

1. e4 e5 2. Bc4 Nf6 3. d3 Be7 4. Bg5 O-O 5. Bxf6 Bxf6 6. Nc3 Nc6 7. Nd5 Bg5 8. f4 exf4 9. g3 fxg3 10. hxg3 Ne5 11. Bb3 c6 12. Nc3 Bf6 13. d4 Ng6 14. e5 Be7 15. Qh5 h6 16. g4 d6 17. Ne4 d5 18. g5 dxe4 19. gxh6 Bh4+ 20. Rxh4 Nxh4 21. Qxh4 Qxh4+ 22. Kd1 Qxh6 23.
c4 b5 24. cxb5 cxb5 25. a4 Bg4+ 26. Ke1 Qe3+ 27. Ne2 Qxe2# {[%emt 0:00:03]
TallSnazzyBall won by checkmate} 0-1

[Event "Fast Chess"]
[Site "ChessKid.com"]
[Date "2020.04.06"]
[Round "1"]
[White "Sasse, Gabriel"]
[Black "Hessenberger, Oliver"]
[Result "1-0"]
[ECO "C57"]
[WhiteElo "1280"]
[BlackElo "1088"]
[PlyCount "95"]
[EventDate "2020.??.??"]
[TimeControl "900"]
[WhiteClock "0:11:23"]
[BlackClock "0:12:31"]

1. e4 e5 2. Nf3 Nc6 3. Bc4 Nf6 4. Ng5 Rg8 5. Bxf7+ Ke7 6.
Bxg8 h6 7. Nf3 Nxe4 8. Bb3 Ke8 9. Qe2 d5 10. d3 Bg4 11.
dxe4 Bxf3 12. Qxf3 dxe4 13. Qxe4 Be7 14. Qf3 Nd4 15. Qf7+ Kd7 16. Bc4 Kc8 17. Be6+ Kb8 18. O-O Nxc2 19. Qxg7 Nxa1 20. Qg6 Bd6 21. Nc3 Bb4 22. Bxh6 Bxc3 23. Bg5 Nc2 24. Bxd8 a5 25. Qf7 Bxb2 26. Qxc7+ Ka7 27. Qxc2 Rxd8 28. Qxb2 Re8 29. Qxe5 Rd8 30. Qxa5+ Kb8 31. Qxd8+ Ka7 32. f4 Ka6 33. h4 Kb5 34. g4 Kc6 35. f5 Kc5 36. g5 Kc6 37. h5 b5 38. g6 b4 39. h6 Kc5 40. f6 Kb5 41. f7 Ka4 42. g7 Ka3 43. h7 b3 44. axb3 Kb4 45. f8=Q+ Kb5 46. Qc8 Kb6 47. Qb4+ Ka7 48. Qbb7# {[%emt 0:00:04] LimeFarActor won by checkmate} 1-0

[Event "Fast Chess"]
[Site "ChessKid.com"]
[Date "2020.04.06"]
[Round "1"]
[White "Hlinka, Patricia"]
[Black "Dai, Lana"]
[Result "0-1"]
[ECO "D00"]
[WhiteElo "994"]
[BlackElo "1232"]
[PlyCount "60"]
[EventDate "2020.??.??"]
[TimeControl "900"]
[WhiteClock "0:11:04"]
[BlackClock "0:10:40"]

1. d4 d5 2. e3 Nc6 3. c3 Nf6 4. f4 Bg4 5. Qc2 e6 6. Nf3 Bxf3 7. gxf3 Bd6 8.
h4 O-O 9. h5 h6 10. Rg1 Nxh5 11. Rh1 Nf6 12. Rg1 Nh5 13. Rh1 Ng3 14. Bd3 Nxh1 15. Be2 Qh4+ 16. Kd1 Nf2+ 17. Kd2 Qh1 18. a4 a5 19. Ra3 Bxa3 20. bxa3 f5 21. Bd3 Nxd3 22. Qxd3 Qg2+ 23. Kd1 Qxf3+ 24. Kd2 Rf6 25. Kc2 Rg6 26. Kb3 Rg1 27. Bd2 Qd1+ 28. Ka2 Rg2 29. Ka1 Qb3 30. Be1 Qa2# {[%emt 0:00:05] TopBrownCave won by
checkmate} 0-1

[Event "Fast Chess"]
[Site "ChessKid.com"]
[Date "2020.04.06"]
[Round "1"]
[White "Li, Tobias"]
[Black "Li, Patrick"]
[Result "1-0"]
[ECO "C42"]
[WhiteElo "1226"]
[BlackElo "920"]
[PlyCount "67"]
[EventDate "2020.??.??"]
[TimeControl "900"]
[WhiteClock "0:10:53"]
[BlackClock "0:12:59"]

1. e4 e5 2. Nf3 Nf6 3. Nxe5 d6 4. Nf3 Nxe4 5. d3 Nc5 6.
Qe2+ Be7 7. Nc3 d5 8. Qe5 d4 9. Qxd4 Qxd4 10. Nxd4 O-O 11. Be2 Nca6 12. O-O Nc5 13. Be3 h6 14. Ndb5 Nba6 15. Nd5 Re8 16. Ndxc7 Nxc7 17. Nxc7 Rd8 18. Nxa8 b6 19. Nc7 a6 20. Bf3 Bd6 21. Nd5 Bf5 22. Nxb6 Rb8 23. Nc4 Be6 24. Nxd6 Rxb2 25. Nc4 Rxc2 26. Bxc5 Bxc4 27. dxc4 Rxc4 28. Be3 Rh4 29. Rab1 Ra4 30. Bd1 Rxa2 31. Bb3 Ra3 32. Bc2 Rc3 33. Rb8+ Rc8 34. Rxc8# {[%emt 0:00:00]
OnlyHungryKiwi won by checkmate} 1-0

[Event "Fast Chess"]
[Site "ChessKid.com"]
[Date "2020.04.06"]
[Round "2"]
[White "Georgiev, Maximilian"]
[Black "Dai, Lana"]
[Result "1-0"]
[ECO "C65"]
[WhiteElo "1342"]
[BlackElo "1226"]
[PlyCount "111"]
[EventDate "2020.??.??"]
[TimeControl "900"]
[WhiteClock "0:06:31"]
[BlackClock "0:09:52"]

1. e4 e5 2. Nf3 Nc6 3. Bb5 Nf6 4. Bxc6 dxc6 5. Nxe5 Qe7 6.
Nc4 Nxe4 7. O-O Qd8 8. Re1 Bf5 9. d3 Be7 10. dxe4 Be6 11.
Qxd8+ Bxd8 12. Ncd2 O-O 13. Nc3 Bc4 14. b3 Be6 15. Nf3 Bf6 16.
Bb2 Rad8 17. e5 Be7 18. Nd1 Bb4 19. c3 Bc5 20. b4 Be7 21.
a4 Bg4 22. Re3 c5 23. b5 c4 24. h3 Bh5 25. Ne1 Bxd1 26. Nf3 Bb3 27. Ra3 Bxa3 28. Bxa3 Rd1+ 29. Kh2 Rfd8 30. e6 fxe6 31. Rxe6 Bxa4 32. Be7 R8d7 33. Bb4 Bxb5 34. Ne5 Rd8 35. Kg3 Bd7 36. Re7 Bf5 37. Rxc7 Re8 38. Nf3 Be4 39. Ng5 Rd3+ 40. f3 Bd5 41. h4 h6 42. Nh3 Re5 43. Rc8+ Kf7 44. Rf8+ Kg6 45. Nf4+ Kh7 46. Nxd3 Re3 47. Nf4 Bc6 48. Kf2 Re5 49. Kg3 a5 50. Bd6 Rb5 51. Nh5 Rb3 52. Rf7 a4 53. Rxg7+ Kh8 54. Be5 Bb5 55. Nf4 a3 56. Ng6# {
[%emt 0:00:02] TallSnazzyBall won by checkmate} 1-0

[Event "Fast Chess"]
[Site "ChessKid.com"]
[Date "2020.04.06"]
[Round "2"]
[White "Li, Tobias"]
[Black "Sasse, Gabriel"]
[Result "0-1"]
[ECO "C57"]
[WhiteElo "1218"]
[BlackElo "1287"]
[PlyCount "92"]
[EventDate "2020.??.??"]
[TimeControl "900"]
[WhiteClock "0:12:09"]
[BlackClock "0:10:34"]

1. e4 e5 2. Nf3 Nc6 3. Nc3 Nf6 4. Bc4 Bc5 5. Ng5 O-O 6.
Nxf7 Rxf7 7. Bxf7+ Kxf7 8. O-O Ng8 9. d3 Qh4 10. Qf3+ Nf6 11.
Re1 d5 12. exd5 Bd6 13. dxc6 e4 14. Qh3 Qf4 15. Qg3 Qxg3 16.
hxg3 bxc6 17. dxe4 Bb4 18. Bd2 Ng4 19. a3 Bc5 20. Be3 Nxe3 21.
fxe3 Bg4 22. Rf1+ Kg6 23. Rfe1 Bd6 24. Kh2 Rf8 25. Rf1 Re8 26. Rad1 Bc5 27. Rf4 Bxd1 28. Nxd1 a6 29. Rg4+ Kf7 30. Rf4+ Kg8 31. b4 Bd6 32. Nc3 Bxf4 33. exf4 Rd8 34. Kg1 Rd2 35. Kf1 Rxc2 36. Nb1 Rc1+ 37. Kf2 Rxb1 38. Ke3 Re1+ 39. Kf2 Ra1 40. e5 Rxa3 41. g4 Kf7 42. g3 Rb3 43. Kg2 Rxb4 44. g5 a5 45. Kf3 a4 46.
Ke3 a3 {[%emt 0:00:01] LimeFarActor won by resignation} 0-1

[Event "Fast Chess"]
[Site "ChessKid.com"]
[Date "2020.04.06"]
[Round "2"]
[White "Hlinka, Patricia"]
[Black "Hlinka, Patrick"]
[Result "0-1"]
[ECO "A40"]
[WhiteElo "989"]
[BlackElo "1112"]
[PlyCount "70"]
[EventDate "2020.??.??"]
[TimeControl "900"]
[WhiteClock "0:10:45"]
[BlackClock "0:10:08"]

1. d4 e5 2. dxe5 Bc5 3. Nh3 Qh4 4. Kd2 Qd4+ 5. Ke1 Qxd1+ 6.
Kxd1 d6 7. exd6 cxd6 8. e4 Bg4+ 9. Ke1 Bb4+ 10. Bd2 Bc5 11.
Ng1 Bd4 12. Bc1 Nc6 13. f3 Bh5 14. g4 Bg6 15. Nh3 O-O-O 16. f4 Bxe4 17. Rg1 Bxg1 18. Nxg1 Nf6 19. g5 Ng4 20. h3 Nh2 21.
Bc4 Rhe8 22. f5 d5 23. Bb3 Bxf5+ 24. Kd1 Re4 25. Kd2 Rde8 26. Kd3 Rd4+ 27. Kc3 f6 28. gxf6 g5 29. f7 Rf8 30. Bxg5 Rxf7 31. Bc1 Rg7 32. Ne2 Nf1 33. Bd2 Ng3 34. Nxg3 Rxg3+ 35. Be3 Rxe3# {[%emt 0:00:03]
GoldMusicalTaxi won by checkmate} 0-1

[Event "Fast Chess"]
[Site "ChessKid.com"]
[Date "2020.04.06"]
[Round "2"]
[White "Hessenberger, Oliver"]
[Black "Li, Patrick"]
[Result "1-0"]
[ECO "C64"]
[WhiteElo "1098"]
[BlackElo "912"]
[PlyCount "39"]
[EventDate "2020.??.??"]
[TimeControl "900"]
[WhiteClock "0:12:48"]
[BlackClock "0:13:00"]

1. e4 e5 2. Nf3 Nc6 3. Bb5 Bc5 4. Bxc6 Nf6 5. Bb5 Ng4 6.
O-O Nxf2 7. Qe1 Nxe4+ 8. d4 O-O 9. dxc5 Nxc5 10. Nxe5 Re8 11. Qg3 d6 12. Ng4 Bxg4 13. Bxe8 Be6 14. Bb5 a6 15. Bd3 Nxd3 16. cxd3 c5 17. b4 c4 18. dxc4 Bxc4 19. Bb2 Bxf1 20. Qxg7# {[%emt 0:00:07]
VastMellowGhost won by checkmate} 1-0

[Event "Fast Chess"]
[Site "ChessKid.com"]
[Date "2020.04.06"]
[Round "3"]
[White "Sasse, Gabriel"]
[Black "Georgiev, Maximilian"]
[Result "0-1"]
[ECO "C50"]
[WhiteElo "1281"]
[BlackElo "1349"]
[PlyCount "132"]
[EventDate "2020.??.??"]
[TimeControl "900"]
[WhiteClock "0:10:53"]
[BlackClock "0:11:09"]

1. e4 e5 2. Nf3 Nc6 3. Bc4 h6 4. h3 Nf6 5. Nc3 Bb4 6. O-O a6 7. a3 Ba5 8. b4 Bb6 9. Nd5 Nxd5 10. exd5 Nd4 11. Nxd4 Bxd4 12. c3 Bb6 13. a4 O-O 14. Qf3 c6 15. dxc6 dxc6 16. Qg3 Qd6 17. d3 Bd7 18. d4 Bc7 19. dxe5 Qxe5 20. Bxh6 Qxg3 21. fxg3 gxh6 22. Rf6 Bxg3 23. Rd1 Be5 24. Rxh6 Bg7 25. Rhd6 Be6 26. Bxe6 fxe6 27. Rxe6 Bxc3 28. Rdd6 Bxb4 29. Rd5 Kf7 30. Ree5 Bc3 31. Rf5+ Bf6 32. Rd6 Ke7 33. Rd3 Bg7 34. Re3+ Kd6 35. Rd3+ Ke6 36. Rff3 Rxf3 37. gxf3 Rh8 38. Re3+ Be5 39. f4 Kd5 40. Rxe5+ Kd4 41. Re7 b5 42. axb5 axb5 43. Rb7 Rxh3 44. f5 Rf3 45. Rf7 Ke5 46. Rc7 Rxf5 47. Rxc6 Kd4 48. Kg2 Rf8 49. Kg3 Rb8 50. Kf4 b4 51. Rd6+ Kc5 52. Ke5 b3 53. Rd1 b2 54. Rb1 Kc4 55. Ke4 Kc3 56. Ke3 Kc2 57. Re1 b1=Q 58. Re2+ Kd1 59. Kf2 Qf5+ 60. Ke3 Re8+ 61. Kd4 Rxe2 62. Kc4 Rd2 63. Kc3 Rd8 64. Kb2 Rc8 65. Kb3 Qb5+ 66. Ka3 Ra8# {[%emt 0:00:02] TallSnazzyBall won by checkmate} 0-1

[Event "Fast Chess"]
[Site "ChessKid.com"]
[Date "2020.04.06"]
[Round "3"]
[White "Dai, Lana"]
[Black "Hlinka, Patrick"]
[Result "1-0"]
[ECO "C25"]
[WhiteElo "1232"]
[BlackElo "1105"]
[PlyCount "109"]
[EventDate "2020.??.??"]
[TimeControl "900"]
[WhiteClock "0:08:47"]
[BlackClock "0:07:39"]

1. e4 e5 2. Nc3 Bc5 3. Bc4 d6 4. h3 Qh4 5. g3 Qf6 6. Nf3 g5 7. d3 g4 8. Bg5 Qg6 9. hxg4 Bxg4 10. Bh4 Bxf3 11. Qxf3 Nc6 12. Nd5 Rc8 13. Nc3 Nce7 14. Nd5 f5 15. exf5 Nxf5 16. Ne7 Nfxe7 17. Bxe7 Kxe7 18. O-O-O Nf6 19. Rh3 e4 20. dxe4 Nxe4 21. Rh4 Rhf8 22. Rxe4+ Kd7 23. Qe2 Rce8 24. Rxe8 Rxe8 25. Qf3 c6 26. Bd3 Qg8 27. Bf5+ Kd8 28. Qh1 Bb4 29. Qh4+ Kc7 30. Qxb4 Qg5+ 31. Kb1 Qxf5 32. Qxd6+ Kc8 33. Qa3 Rd8 34. Rxd8+ Kxd8 35. Qd6+ Ke8 36. Qb8+ Ke7 37. Qxb7+ Kd6 38. Qxa7 Qh3 39. Qd4+ Kc7 40. Qe5+ Kb6 41. Qd4+ Kb7 42. Qb4+ Kc7 43. a4 Qf1+ 44. Ka2 Qxf2 45. Qe7+ Kb6 46. Qb4+ Kc7 47. Qa5+ Kd7 48. Qa7+ Kd6 49. Qxf2 c5 50. Qf4+ Kc6 51. a5 Kb7 52. Qf7+ Ka6 53. Qc4+ Kxa5 54. Qxc5+ Ka4 55. b3# {[%emt 0:00:03] TopBrownCave won by checkmate} 1-0

[Event "Fast Chess"]
[Site "ChessKid.com"]
[Date "2020.04.06"]
[Round "3"]
[White "Hessenberger, Oliver"]
[Black "Li, Tobias"]
[Result "0-1"]
[ECO "C50"]
[WhiteElo "1088"]
[BlackElo "1225"]
[PlyCount "50"]
[EventDate "2020.??.??"]
[TimeControl "900"]
[WhiteClock "0:11:43"]
[BlackClock "0:11:12"]

1. e4 e5 2. Nf3 Nc6 3. Bc4 Bc5 4. Ng5 Qxg5 5. Qf3 Nf6 6.
O-O O-O 7. d4 Qg6 8. dxc5 Nxe4 9. Bb5 Nxc5 10. Be3 Ne6 11. Bxc6 bxc6 12. Nc3 d6 13. Ne4 d5 14. Nc5 Nxc5 15. Bxc5 Re8 16. Rfe1 Qxc2 17. Rac1 Qxb2 18. Ra1 Be6 19. Qh5 Qc2 20. Rec1 Qg6 21. Qxg6 hxg6 22. Rab1 Rab8 23. Rxb8 Rxb8 24. Be7 Rb7 25. Rxc6 Rb1+ {[%emt 0:00:08]
OnlyHungryKiwi won by resignation} 0-1

[Event "Fast Chess"]
[Site "ChessKid.com"]
[Date "2020.04.06"]
[Round "3"]
[White "Li, Patrick"]
[Black "Hlinka, Patricia"]
[Result "1-0"]
[ECO "C41"]
[WhiteElo "930"]
[BlackElo "980"]
[PlyCount "79"]
[EventDate "2020.??.??"]
[TimeControl "900"]
[WhiteClock "0:10:12"]
[BlackClock "0:11:47"]

1. e4 e5 2. Nf3 d6 3. Nc3 f6 4. Bc4 Nh6 5. Nh4 b5 6. O-O bxc4 7. Qh5+ Kd7 8.
Nf5 a5 9. d3 cxd3 10. cxd3 a4 11. Bxh6 gxh6 12. Nxh6 Bxh6 13. Qxh6 Qg8 14. f4 exf4 15. Qxf4 f5 16. Qxf5+ Kd8 17. Qd5 Ra5 18. Qxa5 h5 19. Qxa4 h4 20. Qb3 Na6 21. Qxg8+ Rxg8 22. Ne2 c5 23. Nf4 Rf8 24. Ne6+ Kd7 25. Rxf8 Kxe6 26. Rxc8 Nb4 27. a3 Na2 28. Rxa2 c4 29. dxc4 Ke7 30. a4 Kd7 31. Rh8 Ke7 32. a5 Kf7 33. a6 Ke7 34. a7 Kd7 35.
a8=Q d5 36. Qd8+ Kc6 37. Rh6+ Kc5 38. Qd6+ Kxc4 39. Qxd5+ Kb4 40. Rb6# {[%emt 0:00:04] WideClassyQuiz won by checkmate} 1-0

[Event "Fast Chess"]
[Site "ChessKid.com"]
[Date "2020.04.06"]
[Round "4"]
[White "Georgiev, Maximilian"]
[Black "Li, Tobias"]
[Result "0-1"]
[ECO "C48"]
[WhiteElo "1339"]
[BlackElo "1238"]
[PlyCount "104"]
[EventDate "2020.??.??"]
[TimeControl "900"]
[WhiteClock "0:08:59"]
[BlackClock "0:09:52"]

1. e4 e5 2. Nf3 Nc6 3. Bb5 Bc5 4. Bxc6 dxc6 5. O-O Nf6 6.
Nc3 O-O 7. h3 Re8 8. a3 Be6 9. d3 h6 10. b4 Bb6 11. Na4 Qd7 12. Nxb6 cxb6 13. d4 exd4 14. Nxd4 Nxe4 15. Nxe6 Qxd1 16. Rxd1 Rxe6 17. Re1 Ng5 18. Rxe6 Nxe6 19. Bd2 Rd8 20. Bc3 Nf4 21. Be5 Ne6 22. Re1 Kf8 23. Bg3 Ng5 24. Bh4 Rd7 25. f4 Ne6 26. f5 Nd4 27. f6 gxf6 28.
Bxf6 Nxc2 29. Re2 Nxa3 30. Ra2 Nb5 31. Rf2 Rd1+ 32. Kh2 Rd6 33.
Be5 Re6 34. Bg3 Kg7 35. Rf5 Nd4 36. Be5+ Kg6 37. Bxd4 Kxf5 38. g4+ Kg6 39. h4 Re4 40. h5+ Kh7 41. Bc3 Rxg4 42. Kh3 Rc4 43. Be1 a5 44. bxa5 bxa5 45. Bxa5 b5 46. Bd2 b4 47. Kg3 b3 48. Kf3 b2 49. Ke3 b1=Q 50. Ba5 Qe4+ 51. Kd2 Rc2+ 52. Kd1 Qe2# {[%emt 0:
00:04] OnlyHungryKiwi won by checkmate} 0-1

[Event "Fast Chess"]
[Site "ChessKid.com"]
[Date "2020.04.06"]
[Round "4"]
[White "Dai, Lana"]
[Black "Hessenberger, Oliver"]
[Result "1-0"]
[ECO "C42"]
[WhiteElo "1237"]
[BlackElo "1079"]
[PlyCount "53"]
[EventDate "2020.??.??"]
[TimeControl "900"]
[WhiteClock "0:11:40"]
[BlackClock "0:10:34"]

1. e4 e5 2. Nc3 Bb4 3. Bc4 Bxc3 4. dxc3 Nf6 5. Nf3 Nxe4 6.
Qe2 Nf6 7. Nxe5 O-O 8. Be3 d6 9. Ng4 Bxg4 10. f3 Bf5 11. g4 Bg6 12. g5 d5 13. gxf6 dxc4 14. fxg7 Kxg7 15. Bd4+ Kg8 16. Qf2 Qe8+ 17. Be3 Qe6 18. O-O-O Qf5 19. Rd2 Nc6 20. Bc5 Rfd8 21. Rxd8+ Rxd8 22. Re1 b5 23. h4 h5 24. f4 Rd5 25. Re8+ Kg7 26. Bd4+ Kh7 27. Rh8# {[%emt 0:00:10] TopBrownCave won
by checkmate} 1-0

[Event "Fast Chess"]
[Site "ChessKid.com"]
[Date "2020.04.06"]
[Round "4"]
[White "Hlinka, Patrick"]
[Black "Li, Patrick"]
[Result "1-0"]
[ECO "C20"]
[WhiteElo "1111"]
[BlackElo "923"]
[PlyCount "31"]
[EventDate "2020.??.??"]
[TimeControl "900"]
[WhiteClock "0:09:31"]
[BlackClock "0:13:08"]

1. e4 e5 2. Bc4 Nc6 3. Qh5 g6 4. Qf3 Nf6 5. g4 Nd4 6. Qd3 Nxg4 7. Qg3 Nxc2+ 8. Kd1 Nxa1 9. Qxg4 d5 10. exd5 Bd7 11. Qf3 Ba4+ 12. b3 Bb5 13. Bxb5+ c6 14. dxc6 bxc6 15. Bxc6+ Qd7 16. Bxd7+
{[%emt 0:00:05] GoldMusicalTaxi won by resignation} 1-0

[Event "Fast Chess"]
[Site "ChessKid.com"]
[Date "2020.04.07"]
[Round "1"]
[White "Li, Tobias"]
[Black "Hlinka, Patricia"]
[Result "1-0"]
[ECO "C40"]
[WhiteElo "1222"]
[BlackElo "949"]
[PlyCount "29"]
[EventDate "2020.??.??"]
[TimeControl "600"]
[WhiteClock "0:07:25"]
[BlackClock "0:09:13"]

1. e4 e5 2. Nf3 f6 3. Nxe5 fxe5 4. Qh5+ g6 5. Qxe5+ Kf7 6. Qxh8 d6 7. Qxh7+ Kf6 8. Qxg8 Ke7 9. Qxg6 a5 10. d3 a4 11. Bg5+ Kd7 12. Bxd8 Kxd8 13. Be2 Bd7 14. Bh5 Bc8 15. Qe8# {[%emt 0:00:04] OnlyHungryKiwi won by checkmate} 1-0

[Event "Fast Chess"]
[Site "ChessKid.com"]
[Date "2020.04.07"]
[Round "2"]
[White "Georgiev, Maximilian"]
[Black "Li, Patrick"]
[Result "1/2-1/2"]
[ECO "C57"]
[WhiteElo "1353"]
[BlackElo "936"]
[PlyCount "108"]
[EventDate "2020.??.??"]
[TimeControl "600"]
[WhiteClock "0:03:50"]
[BlackClock "0:06:36"]

1. e4 e5 2. Nf3 Nc6 3. Bc4 Nf6 4. Ng5 d5 5. exd5 Nxd5 6.
Qf3 Nf6 7. Nxf7 Qe7 8. Nxh8 Qc5 9. d3 Bg4 10. Qf5 Bxf5 11.
O-O Qd4 12. c3 Qg4 13. h3 Qf4 14. Bxf4 exf4 15. Nf7 Na5 16. Nh6 Nxc4 17. Nxf5 Nxb2 18. Nd2 Na4 19. Rab1 Nxc3 20. Rxb7 Nxa2 21. Rxc7 Nb4 22. Nd6+ Bxd6 23. Re1+ Kd8 24. Rb7 Nxd3 25. Re2 Rc8 26. Rxg7 Rc1+ 27. Kh2 f3+ 28. g3 fxe2 29. Nf3 a5 30. Ra7 Rc3 31. Rxa5 Nc1 32. Ra1 Nb3 33. Re1 Rxf3 34. Rxe2 Nc1 35. Rc2 Nd3 36. Kg2 Ne1+ 37. Kf1 Nxc2 38. Ke2 Rb3 39. f4 Rxg3 40. Kd2 Rg2+ 41. Kc3 Bxf4 42. h4 Rh2 43. h5 Rxh5 44. Kxc2 Rc5+ 45. Kd3 Rg5 46. Kd4 h5 47. Kc4 h4 48. Kd3 h3 49. Ke2 h2 50. Kf3 h1=Q+ 51. Kxf4 Rg4+ 52. Kf5 Qf1+ 53. Ke6 Qe1+ 54. Kf7 Nd7 {[%emt 0:00:03] Game drawn by stalemate} 1/2-1/2